 Dungeon Crawl Stone Soup version 0.19.1-1-g22dce08 (webtiles) character file.

10004 dngmouse the Warrior (level 11, -2/114 HPs)
             Began as a Hill Orc Fighter on Jan 13, 2017.
             Was an Elder of Makhleb.
             Slain by an ogre
             ... wielding a +0 giant club
              (13 damage)
             ... on level 11 of the Dungeon.
             The game lasted 00:30:59 (8861 turns).

dngmouse the Warrior (Hill Orc Fighter)             Turns: 8861, Time: 00:31:00

Health: -2/114     AC: 16    Str: 23    XL:     11   Next: 55%
Magic:  15/15      EV:  4    Int: 10    God:    Makhleb [****..]
Gold:   274        SH:  8    Dex: 10    Spells: 0 memorised, 10 levels left

rFire  . . .     SeeInvis .     E - +9 whip "Undertaker" {freeze, rC+}
rCold  + . .     Gourm    .     C - +0 plate armour
rNeg   . . .     Faith    +     c - +0 shield
rPois  .         Spirit   .     i - +0 helmet
rElec  .         Reflect  .     R - +0 cloak
rCorr  .         Harm     .     (no gloves)
MR     .....                    G - +1 pair of boots
Stlth  ..........               m - amulet of faith
                                e - ring of stealth
                                y - +2 ring of intelligence

@: heavily drained
A: slow regeneration 1
a: Minor Destruction, Lesser Servant of Makhleb, Major Destruction, Renounce
Religion


You were on level 11 of the Dungeon.
You worshipped Makhleb.
Makhleb was greatly pleased with you.
You were hungry.

You visited 2 branches of the dungeon, and saw 12 of its levels.

You collected 589 gold pieces.
You spent 315 gold pieces at shops.

Inventory:

Hand Weapons
 a - a +0 war axe
 b - a +1 flail of protection
 E - the +9 whip "Undertaker" (weapon) {freeze, rC+}
   (You found it on level 5 of the Dungeon)

   It has been specially enchanted to freeze those struck by it, causing extra
   injury to most foes and up to half again as much damage against particularly
   susceptible opponents.
   It can also slow down cold-blooded creatures.
   It protects you from cold.
Missiles
 v - 9 tomahawks (quivered)
Armour
 c - a +0 shield (worn)
 i - a +0 helmet (worn)
 C - a +0 plate armour (worn)
 G - a +1 pair of boots (worn)
 R - a +0 cloak (worn)
Jewellery
 e - a ring of stealth (right hand)
 m - an amulet of faith (around neck)
 r - an uncursed ring of ice
 w - an uncursed ring of wizardry {unknown}
 y - a +2 ring of intelligence (left hand)
 F - an uncursed ring of resist corrosion {unknown}
Wands
 t - a wand of random effects (23/48)
 z - a wand of paralysis (16/24)
 N - a wand of iceblast (11/15)
 O - a wand of confusion (36/48)
 Q - a wand of paralysis (13/24)
Scrolls
 g - 3 scrolls of recharging
 l - 4 scrolls of teleportation
 u - 3 scrolls of enchant weapon
 x - 6 scrolls of identify
 B - 2 scrolls of fear
 I - 2 scrolls of blinking
 J - a scroll of fog
Potions
 d - 2 potions of might
 h - 3 potions of agility
 j - a potion of berserk rage
 n - 10 potions of curing
 o - 4 potions of brilliance
 q - 2 potions of flight
 D - a potion of heal wounds
Comestibles
 f - 11 bread rations
 k - 6 beef jerkies
 p - 19 fruits
 s - 10 meat rations
 A - 7 slices of pizza
 H - 2 royal jellies


   Skills:
 + Level 15.8(13.6) Fighting
 - Level 12.3(10.2) Axes
 + Level 5.9(4.1) Armour
 - Level 3.2(1.6) Shields
 + Level 5.3(3.6) Invocations


You had 10 spell levels left.
You didn't know any spells.

Dungeon Overview and Level Annotations

Branches:
Dungeon (11/15)            Temple (1/1) D:5             Orc (0/2) D:9
   Lair: D:8-11

Altars:
Dithmenos
Elyvilon
Fedhas
Gozag
Makhleb
Nemelex Xobeh
Sif Muna
Uskayaw
Xom
Yredelemnul
Zin

Shops:
D:6 ?

Portals:
Trove: D:10 (give +7 demon trident)

Annotations:
D:10 exclusion: obsidian statue


Innate Abilities, Weirdness & Mutations

You regenerate slowly when monsters are visible.


Message History

You whack the wight!
You destroy the wight!
Makhleb accepts your kill. The ogre closely misses your hellwing.
You swap places.
The wight hits you but does no damage.
Things that are here:
an enchanted short sword; a robe You hit the wight.
The wight is moderately damaged.
The wight hits you but does no damage. You block the ogre's attack.
You hit the wight.
The wight is heavily damaged.
The wight hits you with a halberd of flaming!
* * * LOW HITPOINT WARNING * * *
You feel drained.
* * * LOW HITPOINT WARNING * * *
The wight burns you.
* * * LOW HITPOINT WARNING * * *
The ogre hits you with a giant club!
You die...

... #.# .... ####
#.#.#######.... #.
...#......#
#.###.#......#
#.###...>.[.h###
#..!.....###hcO#####
....#...# ###z@4..#
## #<#...# #####..#
#.###..# .# # #.#
#.... # # #.# ###. #
#.# . ### ##


You could see an ogre, a centaur, a wight, 2 jackals and a friendly hellwing.

Vanquished Creatures
  A hydra (D:8)
  The ghost of Vajrapani the Martial Artist, a novice OpFi of Hepliaklqana (D:9)
  2 hill giants (D:10)
  Maurice (D:8)
  5 trolls
  The ghost of Galewind the Charmwright, a novice DECj (D:7)
  A hippogriff (D:8)
  2 dream sheep (D:8)
  5 yaks
  2 hungry ghosts
  Menkaure (D:7)
  3 orc warriors
  A sky beast (D:7)
  3 ice beasts
  An ogre (D:7)
  2 phantoms
  6 centaurs
  5 big kobolds
  Blork the orc (D:6)
  5 bullfrogs
  A water moccasin zombie (D:7)
  A wyvern zombie (D:7)
  4 scorpions
  7 killer bees (D:10)
  2 wights
  6 howler monkeys
  3 crimson imps
  2 bullfrog zombies
  A bullfrog skeleton (D:8)
  2 orc priests
  A jelly (D:8)
  3 hounds
  Terence (D:2)
  2 iguanas
  9 orc wizards
  5 worker ants
  A hound skeleton (D:9)
  A worker ant zombie (D:10)
  10 gnolls
  6 adders
  4 shadow imps
  An ooze (D:4)
  An adder zombie (D:7)
  3 worms
  4 dart slugs
  5 leopard geckos
  46 orcs
  A ball python (D:1)
  7 bats
  5 giant cockroaches
  5 goblins
  4 hobgoblins
  11 jackals
  16 kobolds
  A quokka (D:2)
  7 frilled lizards
  2 jackal skeletons
  A leopard gecko skeleton (D:8)
  2 quokka skeletons (D:4)
  A quokka zombie (D:5)
  4 rats
248 creatures vanquished.

Vanquished Creatures (collateral kills)
  A centaur zombie (D:11)
  A wight (D:11)
2 creatures vanquished.

Vanquished Creatures (others)
  2 plants (D:8)
2 creatures vanquished.

Grand Total: 252 creatures vanquished

Notes
Turn   | Place    | Note
-------+----------+-------------------------------------------
     0 | D:1      | dngmouse the Hill Orc Fighter began the quest for the Orb.
     0 | D:1      | Reached XP level 1. HP: 19/19 MP: 1/1
   163 | D:1      | Reached XP level 2. HP: 25/27 MP: 2/2
   542 | D:1      | Reached XP level 3. HP: 31/33 MP: 3/3
   815 | D:2      | Reached skill level 4 in Fighting
  1178 | D:2      | Noticed Terence
  1187 | D:2      | Killed Terence
  1187 | D:2      | Reached skill level 5 in Axes
  1187 | D:2      | Reached XP level 4. HP: 41/41 MP: 4/4
  1727 | D:3      | Reached XP level 5. HP: 44/47 MP: 5/5
  1728 | D:3      | Found a faded altar of an unknown god.
  1880 | D:3      | Reached skill level 5 in Fighting
  2431 | D:4      | Reached XP level 6. HP: 42/56 MP: 6/6
  2716 | D:4      | Found a sparkling altar of Nemelex Xobeh.
  3247 | D:5      | Entered Level 5 of the Dungeon
  3321 | D:5      | Found a staircase to the Ecumenical Temple.
  3341 | Temple   | Entered the Ecumenical Temple
  3348 | Temple   | Became a worshipper of Makhleb the Destroyer
  3364 | D:5      | Found a deep blue altar of Sif Muna.
  3387 | D:5      | Reached skill level 6 in Fighting
  3387 | D:5      | Reached XP level 7. HP: 44/63 MP: 7/7
  3600 | D:5      | Got a steaming whip
  3602 | D:5      | Identified the +9 whip "Undertaker" {freeze, rC+} (You found it on level 5 of the Dungeon)
  3944 | D:6      | Reached skill level 10 in Axes
  3970 | D:6      | Reached XP level 8. HP: 14/70 MP: 8/8
  4343 | D:6      | Noticed Blork the orc
  4353 | D:6      | Killed Blork the orc
  4474 | D:6      | Found Mieckah's Magic Scroll Emporium.
  4525 | D:6      | Bought 2 scrolls of blinking for 210 gold pieces
  4525 | D:6      | Bought a scroll of enchant weapon for 105 gold pieces
  4918 | D:7      | Reached * piety under Makhleb
  5060 | D:7      | Reached skill level 7 in Fighting
  5069 | D:7      | Reached skill level 8 in Fighting
  5069 | D:7      | Reached XP level 9. HP: 36/81 MP: 9/9
  5345 | D:7      | Gained mutation: You tend to lose your temper in combat. [potion of mutation]
  5345 | D:7      | Gained mutation: You regenerate slowly when monsters are visible. [potion of mutation]
  5345 | D:7      | Lost mutation: You tend to lose your temper in combat. [potion of mutation]
  5387 | D:7      | Noticed Galewind's ghost (novice DECj)
  5399 | D:7      | Killed Galewind's ghost
  5399 | D:7      | Reached skill level 9 in Fighting
  5551 | D:7      | Noticed Menkaure
  5558 | D:7      | Killed Menkaure
  5558 | D:7      | Reached skill level 10 in Fighting
  5825 | D:8      | Reached skill level 11 in Fighting
  5994 | D:8      | Noticed Maurice
  6004 | D:8      | Killed Maurice
  6004 | D:8      | Reached skill level 12 in Fighting
  6004 | D:8      | Reached XP level 10. HP: 99/99 MP: 10/10
  6074 | D:8      | Reached ** piety under Makhleb
  6563 | D:8      | Noticed a three-headed hydra
  6564 | D:8      | Reached skill level 13 in Fighting
  6579 | D:8      | Killed a three-headed hydra
  6591 | D:8      | Reached skill level 14 in Fighting
  6908 | D:9      | Reached *** piety under Makhleb
  6947 | D:9      | Found a staircase to the Orcish Mines.
  7014 | D:9      | Noticed Vajrapani's ghost (novice OpFi)
  7025 | D:9      | Killed Vajrapani's ghost
  7025 | D:9      | Reached skill level 15 in Fighting
  7363 | D:10     | Entered Level 10 of the Dungeon
  7363 | D:10     | Found a portal to a secret trove of treasure.
  7372 | D:10     | Reached skill level 1 in Invocations
  7372 | D:10     | Reached XP level 11. HP: 112/112 MP: 11/11
  7991 | D:10     | Noticed an obsidian statue
  8143 | D:10     | Reached **** piety under Makhleb
  8383 | D:10     | Reached skill level 5 in Armour
  8406 | D:10     | Noticed a hill giant
  8420 | D:10     | Killed a hill giant
  8550 | D:11     | Noticed a hill giant
  8568 | D:10     | Killed a hill giant
  8824 | D:11     | Reached skill level 5 in Invocations
  8861 | D:11     | Slain by an ogre

Skill      XL: |  1  2  3  4  5  6  7  8  9 10 11 |
---------------+----------------------------------+-----
Axes           | 3 4 5 6 8 10 12 | 12.3
Fighting       | 4 5 6 8 12 15 | 15.8
Invocations    | 1 5 |  5.3
Armour         | 5 |  5.9
Shields        | |  3.2

Action                   |  1- 3 |  4- 6 |  7- 9 | 10-12 || total
-------------------------+-------+-------+-------+-------++-------
Melee: War axe           |   121 |   164 |    28 |       ||   313
       Whip              |       |       |   246 |   384 ||   630
Throw: Tomahawk          |       |       |     4 |       ||     4
Invok: Lesser Servant of |       |       |       |     1 ||     1
  Use: Scroll            |       |     4 |     2 |     6 ||    12
       Potion            |       |       |     7 |     5 ||    12
  Eat: Chunk             |     1 |     7 |    11 |    11 ||    30
Armor: Scale mail        |    53 |    76 |    62 |       ||   191
       Chain mail        |       |       |    25 |    32 ||    57
       Plate armour      |       |       |       |   127 ||   127
Dodge: Dodged            |    36 |    51 |    49 |    72 ||   208
Block: Shield            |    55 |    98 |   102 |   175 ||   430
